Map: Abyssal Reef LE

Players

Yata

  • Race: Zerg Zerg
  • League: Platinum
  • Spawn Location: 5:00

Myhome - Winner!

  • Race: Terran Terran
  • League: Diamond
  • Spawn Location: 11:00

VOD

Have the link to the VOD?

Description

Time

  • Played on: Sept. 28, 2017, 10:24 p.m.
  • Length: 24:23
Show
View Real Time Build Order
Export as new Build Order

Yata Zerg 

Build Orders: Hatch First 

Get SALT Encoding   

  12  0:01  Drone  
  13  0:13  Overlord  
  13  0:18  Drone  
  14  0:31  Drone x2  
  14  0:35  Drone  
  17  0:56  Hatchery  
  16  0:58  Drone  
  16  1:02  Drone  
  18  1:11  Extractor  
  18  1:17  Spawning Pool  
  16  1:19  Drone  
  16  1:22  Drone  
  18  1:29  Drone  
  19  1:44  Overlord  
  19  1:53  Drone  
  20  2:02  Drone  
  20  2:04  Queen  
  23  2:09  Queen  
  23  2:13  Zergling x2  
  23  2:14  Zergling x2  
  23  2:15  Metabolic Boost  
  27  2:23  Drone  
  28  2:35  Drone x3  
  31  2:49  Evolution Chamber  
  30  2:51  Baneling Nest  
  30  2:52  Drone  
  30  2:53  Drone  
  30  2:54  Overlord  
  31  3:05  Zergling x4  
  33  3:14  Drone x4  
  33  3:15  Drone  
  33  3:17  Drone  
  33  3:18  Drone x2  
  42  3:20  Drone  
  42  3:30  Zergling x4  
  44  3:36  Baneling x4  
  44  3:49  Overlord  
  44  3:59  Hatchery  
  42  4:05  Drone  
  42  4:06  Drone  
  43  4:22  Zergling x14  
  50  4:26  Queen  
  50  4:28  Lair  
  50  4:31  Extractor, Drone  
  51  4:33  Overlord  
  52  4:53  Zerg Melee Weapons Level 1  
  52  4:57  Baneling x2  
  52  5:03  Overlord x3  
  52  5:04  Overlord  
  52  5:28  Drone x14  
  66  5:44  Hydralisk Den  
  66  5:49  Extractor, Drone x2  
  66  5:50  Drone  
  66  5:52  Zergling x14  
  65  6:21  Drone x7  
  65  6:22  Drone x6  
  78  6:32  Pneumatized Carapace  
  78  6:34  Muscular Augments  
  78  6:35  Hydralisk x3  
  84  6:40  Zergling x8  
  84  6:46  Extractor  
  87  6:49  Drone x3  
  87  6:52  Zerg Missile Weapons Level 1  
  90  6:57  Evolution Chamber  
  89  7:04  Overlord x3  
  89  7:05  Overlord  
  89  7:28  Zergling x2  
  89  7:29  Zergling x20  
  100  7:32  Hydralisk x5  
  100  7:33  Hydralisk  
  112  7:38  Baneling x3  
  112  7:39  Baneling x3  
  107  7:52  Hatchery  
  106  8:00  Hydralisk x6  
  106  8:05  Zergling x6  
  120  8:19  Zergling x2  
  120  8:20  Zergling x4  
  121  8:33  Baneling x6  
  121  8:37  Zerg Ground Armor Level 1  
  121  8:53  Overlord x5  
  121  8:59  Overlord x2  
  121  9:00  Overlord x2  
  121  9:02  Overseer  
  121  9:05  Overlord x3  
  121  9:10  Queen  
  121  9:15  Zerg Missile Weapons Level 2  
  123  9:18  Drone x2  
  123  9:19  Extractor, Drone  
  123  9:20  Drone x2  
  123  9:21  Drone x7  
  134  9:34  Hydralisk x8  
  150  9:46  Queen  
  150  9:47  Drone x4  
  156  10:01  Zergling x2  
  156  10:02  Zergling x16  
  165  10:13  Overlord x3  
  165  10:14  Hydralisk  
  165  10:15  Hydralisk x3  
  173  10:27  Hydralisk x11  
  195  10:40  Zergling x2  
  195  10:41  Zergling x16  
  185  10:53  Zergling x2  
  185  10:54  Zergling x10  
  144  11:23  Zergling x2  
  144  11:24  Zergling x26  
  149  11:28  Queen  
  151  11:34  Zerg Ground Armor Level 2  
  151  11:35  Zerg Melee Weapons Level 2  
  151  11:42  Infestation Pit, Drone x2  
  151  11:43  Drone  
  151  11:44  Extractor  
  145  12:12  Hydralisk x14  
  145  12:13  Hydralisk x3  
  179  12:22  Zergling x2  
  180  12:33  Hive  
  180  12:40  Hatchery  
  179  12:54  Baneling x2  
  179  12:55  Baneling x12  
  179  12:56  Zergling x12  
  179  12:57  Zergling x14  
  179  12:58  Hatchery  
  190  12:59  Overlord x5  
  190  13:00  Overlord  
  190  13:08  Zergling x2  
  135  13:23  Zergling x18  
  122  13:33  Baneling x10  
  121  13:36  Zergling x2  
  121  13:37  Zergling x22  
  100  13:50  Zergling x14  
  94  14:00  Zergling x12  
  92  14:07  Hydralisk x5  
  102  14:21  Hydralisk  
  102  14:22  Hydralisk x6  
  116  14:25  Queen  
  116  14:28  Hatchery, Queen  
  119  14:35  Hydralisk  
  119  14:36  Hydralisk x8  
  137  14:45  Baneling  
  137  14:46  Baneling x6  
  137  14:47  Baneling x3  
  137  14:48  Zergling x16  
  138  15:09  Zergling x2  
  138  15:10  Zergling x28  
  146  15:19  Overseer x5  
  146  15:21  Hydralisk x3  
  152  15:49  Zerg Missile Weapons Level 3  
  152  15:57  Hatchery  
  151  16:02  Zergling x20  
  151  16:03  Zergling x26  
  174  16:06  Centrifical Hooks  
  174  16:09  Queen x2  
  174  16:10  Queen  
  181  16:18  Zergling x2  
  181  16:19  Zergling x12  
  181  16:52  Zergling x2  
  181  16:53  Zergling x32  
  168  17:19  Zergling x16  
  168  17:20  Zergling x6  
  168  17:22  Drone x3  
  182  17:28  Hydralisk x2  
  182  17:29  Hydralisk  
  188  17:44  Hatchery  
  188  17:47  Hatchery, Baneling  
  188  17:48  Baneling x17  
  186  18:00  Extractor  
  186  18:01  Extractor  
  184  18:06  Queen  
  184  18:08  Hydralisk x3  
  163  18:31  Zergling x2  
  163  18:32  Zergling x24  
  150  19:00  Zergling x26  
  152  19:05  Zergling x2  
  152  19:06  Zergling x2  
  115  19:14  Queen  
  107  19:22  Zergling x6  
  107  19:23  Zergling x2  
  110  19:37  Zergling x2  
  110  19:38  Zergling x14  
  100  19:49  Zergling x2  
  100  19:50  Zergling x16  
  102  20:01  Hydralisk x2  
  95  20:15  Hydralisk x3  
  101  20:25  Drone x3  
  104  20:34  Zergling x2  
  104  20:35  Zergling x8  
  109  20:39  Baneling  
  109  20:42  Baneling x3  
  109  20:43  Baneling x3  
  109  20:44  Zergling x2  
  110  20:52  Zergling x6  
  110  20:53  Zergling x6  
  116  20:59  Zergling x4  
  116  21:00  Zergling x8  
  122  21:06  Hydralisk  
  122  21:07  Hydralisk x2  
  128  21:14  Zergling x2  
  128  21:15  Zergling x8  
  132  21:18  Baneling  
  132  21:19  Baneling x7  
  132  21:31  Zergling x6  
  135  21:35  Hatchery  
  134  21:44  Zergling x8  
  134  21:45  Zergling x12  
  144  21:57  Hydralisk x2  
  148  22:03  Hatchery  
  146  22:14  Zergling x22  
  146  22:15  Zergling x6  
  109  22:29  Zergling x2  
  100  22:30  Zergling x22  
  106  22:37  Zergling x2  
  106  22:38  Zergling x10  
  98  22:44  Zergling x2  
  98  22:45  Zergling x8  
  98  22:50  Hydralisk x2  
  92  22:58  Queen  
  92  23:04  Drone x5  
  97  23:19  Drone x11  
  108  23:24  Hydralisk x2  
  112  23:33  Queen  
  114  23:41  Zergling x26  
  115  23:42  Zergling x2  
  128  23:52  Hydralisk  
  128  23:53  Hydralisk  
  128  23:55  Hydralisk  
  132  23:58  Hatchery  
Show
View Real Time Build Order
Export as new Build Order

Myhome Terran - Winner!

Build Orders: Command Center First (CC) 

Get SALT Encoding   

  12  0:01  SCV  
  13  0:13  SCV  
  14  0:17  Supply Depot  
  14  0:25  SCV  
  15  0:39  SCV  
  16  0:51  SCV  
  17  1:02  Command Center  
  17  1:05  SCV  
  18  1:18  SCV  
  19  1:20  Barracks  
  19  1:27  Refinery  
  19  1:31  SCV  
  20  1:43  SCV  
  21  1:52  Supply Depot  
  21  1:56  SCV  
  22  2:12  Barracks  
  22  2:14  Marine  
  23  2:20  Refinery  
  23  2:21  Orbital Command  
  23  2:28  Orbital Command  
  23  2:32  Marine  
  24  2:44  Factory  
  24  2:46  SCV  
  25  2:53  Marine  
  25  2:57  SCV  
  27  2:58  SCV  
  27  3:00  Barracks Reactor  
  28  3:09  SCV  
  28  3:10  SCV  
  28  3:11  Marine  
  31  3:21  Barracks, SCV  
  31  3:23  SCV  
  33  3:29  Marine  
  33  3:30  Factory Tech Lab  
  33  3:33  SCV  
  35  3:35  SCV  
  35  3:40  Supply Depot, Marine  
  35  3:41  Marine  
  38  3:45  SCV  
  38  3:46  Marine  
  38  3:47  Starport  
  40  3:50  SCV  
  40  3:51  Supply Depot  
  41  3:58  Marine, SCV  
  41  4:02  SCV  
  43  4:19  SCV x2  
  37  4:27  Medivac  
  37  4:28  Barracks Tech Lab  
  37  4:29  Marine x2  
  41  4:36  SCV x2  
  41  4:37  Barracks Reactor  
  43  4:39  Refinery  
  43  4:40  Refinery  
  43  4:50  SCV x2  
  43  4:52  Command Center  
  45  5:00  Medivac  
  45  5:02  SCV x2  
  49  5:10  Stimpack  
  49  5:14  SCV x2  
  51  5:24  Marine  
  51  5:25  Marine x4  
  51  5:26  SCV x2  
  58  5:36  Supply Depot, Barracks  
  58  5:38  Engineering Bay  
  58  5:39  Barracks  
  58  5:40  Starport Reactor  
  58  5:42  Marine x2  
  58  5:43  Engineering Bay  
  60  6:06  SCV  
  60  6:07  SCV  
  60  6:10  SCV  
  63  6:17  Marine x5, Bunker  
  68  6:20  Terran Infantry Weapons Level 1  
  68  6:21  Terran Infantry Armor Level 1  
  68  6:27  Medivac x2  
  68  6:29  Armory, Barracks Tech Lab  
  72  6:38  Barracks  
  72  6:40  Barracks  
  72  6:41  Supply Depot x2, Marine x3  
  72  6:43  Marine  
  72  6:45  SCV  
  72  6:46  Barracks Reactor  
  77  6:52  SCV  
  77  6:53  Refinery, SCV  
  77  6:54  Marine x2  
  80  7:00  Orbital Command  
  81  7:04  SCV  
  82  7:09  Marine x2  
  82  7:11  Marine  
  82  7:12  SCV, Marauder x2  
  90  7:18  Supply Depot  
  90  7:20  SCV  
  90  7:21  Marine  
  92  7:22  Medivac  
  92  7:24  SCV  
  92  7:29  SCV  
  96  7:32  SCV  
  96  7:36  Marine x2  
  96  7:37  Barracks Tech Lab x2  
  99  7:38  Marine x2  
  99  7:39  Concussive Shells  
  99  7:40  Marine x2, Marauder  
  105  7:48  Supply Depot  
  105  7:52  SCV x3  
  105  7:58  Bunker  
  108  7:59  Marine  
  109  8:09  Marine x3  
  109  8:10  Supply Depot, SCV x2  
  109  8:11  Supply Depot  
  113  8:13  Supply Depot  
  104  8:25  Marine x6  
  104  8:26  Marauder  
  112  8:28  SCV x2  
  112  8:33  Terran Infantry Weapons Level 2  
  114  8:34  Terran Infantry Armor Level 2  
  114  8:36  Marine  
  114  8:37  Marine  
  116  8:44  Marauder x3  
  116  8:47  Marauder  
  124  8:58  Marine x3  
  124  8:59  Marine x3  
  130  9:04  Marine  
  130  9:05  Supply Depot x2, Marauder x2  
  130  9:06  Supply Depot, Siege Tank  
  130  9:09  Marauder  
  140  9:16  Marine x5  
  140  9:17  Marine  
  145  9:22  Supply Depot  
  145  9:23  Supply Depot, Marauder  
  148  9:24  Supply Depot  
  148  9:26  Marine, Marauder  
  148  9:30  Marauder  
  153  9:36  Marine x6  
  159  9:41  SCV x3  
  159  9:44  Marine, Marauder  
  165  9:47  Marine  
  165  9:48  Command Center  
  165  9:51  Marine  
  167  9:53  Marine  
  167  9:54  Marine x4  
  172  10:02  Marauder  
  172  10:05  Marauder  
  176  10:10  Marine x3  
  176  10:11  Marine x2  
  176  10:12  Marine  
  182  10:24  Terran Vehicle Weapons Level 1, Marauder  
  182  10:27  Marine x2, Marauder  
  182  10:28  Marine, Marauder  
  189  10:29  Marine x2, Marauder  
  189  10:30  Marine  
  194  10:45  Marine x2, Marauder  
  194  10:46  Marine  
  194  10:47  Marine  
  191  11:17  Marine x2  
  191  11:18  Marine x7  
  163  11:19  Marine  
  163  11:23  Medivac x2  
  163  11:24  SCV x3  
  160  11:35  Marine x4  
  160  11:36  Marine x2, Marauder  
  160  11:37  Marauder x2  
  172  11:43  Marine  
  172  11:45  Terran Infantry Armor Level 3, Terran Infantry Weapons Level 3  
  173  11:53  Medivac x2, Marine x5  
  173  11:54  Marine  
  183  11:57  Marine x2  
  183  11:58  Marine  
  186  12:01  Marine  
  184  12:11  Marine x6  
  183  12:16  Planetary Fortress, Marauder x3  
  183  12:20  Marauder  
  191  12:23  Medivac x2  
  191  12:29  Marine  
  196  12:32  Combat Shields  
  196  12:33  Marine x4  
  196  12:34  Factory Reactor  
  200  13:05  Terran Vehicle Weapons Level 2  
  161  13:25  Marine x2  
  161  13:26  Marine x7  
  161  13:27  Marine  
  170  13:29  Widow Mine x2  
  174  13:43  Marine x2  
  174  13:45  Marauder x4  
  139  13:56  Marine x4  
  139  13:58  Widow Mine x2  
  139  14:00  Medivac x2  
  139  14:01  Marine x2  
  151  14:05  Marine  
  151  14:06  Marine x2, Marauder  
  151  14:14  Marine x4  
  151  14:15  SCV x2  
  157  14:19  Marine x2  
  157  14:20  Refinery  
  157  14:21  Refinery  
  157  14:22  Building Armor, Hi-Sec Auto Tracking  
  157  14:23  Marine x2  
  157  14:24  Marine  
  162  14:26  Widow Mine x2  
  162  14:27  Marine  
  162  14:30  Medivac x2  
  171  14:42  Marauder x3  
  171  14:43  Refinery  
  171  14:45  Marine x5, Marauder  
  181  14:46  Marine  
  181  14:47  Command Center  
  185  14:55  Widow Mine x2  
  189  15:03  Marine x4, Marauder  
  189  15:07  Marauder  
  195  15:19  Neosteel Frame, Marine x4  
  195  15:21  SCV  
  200  16:17  Terran Vehicle Weapons Level 3  
  200  16:26  Orbital Command  
  195  16:40  Marine x3  
  195  16:41  Marine x2  
  195  17:15  Marine x3  
  161  17:16  Marine x7  
  168  17:27  Orbital Command  
  168  17:33  Marine x4  
  168  17:34  Marine x2, Marauder x2  
  168  17:35  Marauder x2  
  182  17:43  Orbital Command  
  182  17:51  Marine x3  
  182  17:56  Marauder x4  
  193  18:11  Marine x3  
  193  18:12  Marine x2  
  196  18:17  Marauder x3  
  186  18:21  Marine x2  
  169  18:29  Marine x5  
  160  18:38  Marine x2  
  160  18:39  Marine, Marauder x2  
  167  18:47  Marine x5  
  161  18:56  Marauder x2  
  161  18:57  Marine  
  161  19:00  Marine, Marauder  
  158  19:05  Marine x5  
  143  19:14  Marine  
  137  19:17  Marine x2  
  137  19:18  Marine  
  137  19:21  Marine  
  137  19:22  Marine  
  137  19:23  Marine x4  
  146  19:24  SCV x3  
  147  19:32  Marine  
  147  19:35  Marauder  
  147  19:36  Marauder x2  
  141  19:39  Marauder  
  141  19:40  Marine x3  
  141  19:41  Marine x2  
  141  19:43  Refinery  
  144  19:46  Refinery  
  144  19:50  Marine  
  138  19:57  Marauder x2  
  138  19:58  Widow Mine, Marine x4, Marauder  
  138  19:59  Widow Mine, Marine  
  153  20:01  Marauder  
  153  20:02  Medivac  
  153  20:03  Medivac  
  154  20:08  Marine  
  133  20:16  Marine x5  
  133  20:18  Marauder x2  
  133  20:19  Marauder  
  144  20:22  Marauder  
  144  20:26  Marine  
  144  20:27  Widow Mine x2  
  151  20:29  Refinery  
  151  20:32  Medivac x2  
  151  20:34  Marine x5  
  160  20:35  Barracks x2  
  160  20:36  Barracks  
  160  20:40  Marauder x2  
  160  20:41  Marauder  
  160  20:42  Barracks  
  166  20:43  Marauder  
  168  20:55  Widow Mine  
  170  21:00  Command Center  
  170  21:01  Marauder x2  
  170  21:02  Marauder, Medivac, Command Center  
  178  21:05  Marauder  
  178  21:07  Medivac  
  180  21:22  Marauder  
  159  22:16  Marine x5  
  159  22:17  Marine x5  
  159  22:19  Marauder x4  
  133  22:29  Medivac x2  
  137  22:34  Marine x3  
  137  22:39  Marine x6  
  137  22:40  Marine, Marauder  
  137  22:41  Marauder x2  
  137  22:43  Marine  
  120  22:52  Marine x3  
  120  22:57  Marine x7  
  118  22:59  Medivac x2  
  118  23:01  Marine x3  
  118  23:02  Marine  
  126  23:09  Marine  
  127  23:24  Planetary Fortress  
  127  23:25  Orbital Command  
  127  23:33  Marine x5  
  132  23:34  Barracks Tech Lab x2  
  132  23:35  Barracks Reactor x2, Marine  
  132  23:36  Marine x4  
  132  23:40  Medivac  
  139  23:51  Marine x3  
  139  23:54  Marauder x4  
Tags
 
Add a new tag
Caveats
  • Supply blocks, unpowered buildings, or Contaminate may cause inaccurate times.
  • Supply counts are checked every 10 seconds.